 Dungeon Crawl Stone Soup version 0.29.1-15-g9cfb28693d (webtiles) character file.

Game seed: 17159923537795755420

219 Sanktem7 the Trooper (level 5, -2/48 HPs)
             Began as a Minotaur Fighter on Feb 25, 2023.
             Slain by an ogre
             ... wielding a +0 giant club
              (18 damage)
             ... on level 4 of the Dungeon.
             The game lasted 00:04:00 (2858 turns).

Sanktem7 the Trooper (Minotaur Fighter)             Turns: 2858, Time: 00:04:01

Health: -2/48      AC:  7    Str: 23    XL:     5   Next: 63%
Magic:  4/4        EV:  9    Int:  5    God:
Gold:   216        SH:  4    Dex:  9    Spells: 4/4 levels left

rFire   . . .      SeeInvis .   a - +0 war axe {axe}
rCold   . . .      Faith    .   c - +0 buckler
rNeg    + . .      Spirit   .   b - +0 scale mail
rPois   .          Reflect  .   (helmet restricted)
rElec   .          Harm     .   (no cloak)
rCorr   .          Rampage  .   (no gloves)
Will    +....                   (no boots)
Stlth   ..........              (no amulet)
HPRegen 0.16/turn               r - ring of willpower
MPRegen 0.09/turn               C - ring of positive energy

@: no status effects
A: horns 2, retaliatory headbutt
a: no special abilities


You were on level 4 of the Dungeon.
You visited 1 branch of the dungeon, and saw 4 of its levels.

You collected 216 gold pieces.


Innate Abilities, Weirdness & Mutations

You have a pair of horns on your head.
You reflexively headbutt those who attack you in melee.


   Skills:
 * Level 5.5 Fighting
 * Level 4.9 Axes
 + Level 4.7 Armour
 - Level 3.6 Shields


You had 4 spell levels left.
You didn't know any spells.
Your spell library contained the following spells:

 Spells                   Type           Power      Damage    Failure   Level
 Apportation              Tloc           0%         N/A       86%         1
 Beastly Appendage        Tmut           0%         N/A       86%         1
 Wereblood                Tmut           0%         N/A       95%         2
 Spider Form              Tmut/Pois      0%         N/A       99%         3
 Alistair's Intoxication  Tmut/Pois      0%         N/A       100%        5

Inventory:

Hand Weapons
 a - a +0 war axe (weapon) {axe}
 q - a +0 dagger of holy wrath {short}
   (You took it off a goblin on level 2 of the Dungeon)
 B - a +0 vampiric falchion {long}
   (You found it on level 3 of the Dungeon)
 E - a +4 short sword {short}
   (You took it off a kobold on level 4 of the Dungeon)
Missiles
 j - 14 stones (quivered) {throwing}
 u - 2 throwing nets {=f!fthrowing}
 y - 5 poisoned darts {throwing}
 z - a boomerang {throwing}
Armour
 b - a +0 scale mail (worn)
 c - a +0 buckler (worn)
Jewellery
 r - a ring of willpower (left hand)
   (You found it on level 2 of the Dungeon)
 C - a ring of positive energy (right hand)
   (You found it on level 3 of the Dungeon)
 D - a ring of positive energy
   (You found it on level 4 of the Dungeon)
Scrolls
 e - 4 scrolls of identify {unknown}
 i - 2 scrolls of immolation {unknown}
 o - 3 scrolls of poison {unknown}
 p - a scroll of enchant armour {unknown}
 t - a scroll of silence {unknown}
 v - 2 scrolls of blinking {unknown}
 x - a scroll of teleportation {unknown}
 A - a scroll of magic mapping {unknown}
 G - a scroll of noise {unknown}
Potions
 d - 4 potions of might
 f - a potion of brilliance {unknown}
 g - a potion of magic {unknown}
 h - a potion of heal wounds {unknown}
 k - a potion of attraction {unknown}
 l - 3 potions of curing {unknown}
 m - 3 potions of mutation {unknown}
 n - a potion of experience {unknown}
 s - 2 potions of invisibility {unknown}
 w - a potion of haste {unknown}
 F - a potion of berserk rage {unknown}

Dungeon Overview and Level Annotations

Branches:
Dungeon (4/15) Zot: 21060
 Temple: D:4-7

Altars:
Gozag
Sif Muna
Uskayaw

Shops:
D:1 * D:3

* ###.####...... #?#
.#.............
...######.#...#####.....
.>...........)# #.....
#............# #.....
#............# #.....
#..........### #.....
#....wO.....########.##
#.....@..............##
#.....?....########..##
#...........#..........
#................#####.
#..........##....# ##
##.###..###......# #. #.
#..#........#####. #
$..................
..#....###..........


You could see an ogre and a worm.


Message History

No target in view!
No target in view!
No target in view!
No target in view!
No target in view!
No target in view!
No target in view!
No target in view!
No target in view!
No target in view!
No target in view!
No target in view!
No target in view!
No target in view!
No target in view!
You now have 180 gold pieces (gained 14).
p - a scroll labelled ACESUH VAPNUZAP Unknown command.
A kobold comes into view. It is wielding a +4 short sword.
The kobold shouts!
A kobold is nearby!
A giant cockroach comes into view.
Found a stone staircase leading down.
You block the kobold's attack.
The giant cockroach moves out of view.
You slash the kobold!
You kill the kobold!
Things that are here:
a +4 short sword {short}; 3 stones {throwing}; a kobold corpse You hit the giant cockroach but do no damage.
The giant cockroach bites you but does no damage.
You hit the giant cockroach but do no damage.
The giant cockroach bites you but does no damage.
The giant cockroach bites you. 😕 HP[-2]
You take 2 damage, and now have 46/48 hp.
You slash the giant cockroach!
You kill the giant cockroach!
No target in view!
No target in view!
No target in view!
No target in view!
No target in view!
No target in view!
No target in view!
No target in view!
E - a +4 short sword {short};
j - 14 stones {throwing} (gained 3)
You see here a kobold corpse.
You see here a giant cockroach corpse.
Found a stone staircase leading up. 😎 HP[+2]
Your hp is fully restored (48).
Unknown command.
You now have 196 gold pieces (gained 16).
F - a red potion You enter the shallow water.
Moving in this stuff is going to be slow.
You now have 206 gold pieces (gained 10).
A goblin comes into view. It is wielding a +0 club.
The goblin shouts!
You see here a scroll labelled ZECAHE CEONIGA.
A goblin is nearby!
The goblin barely misses you. You furiously retaliate!
You headbutt the goblin.
You kill the goblin!
You now have 216 gold pieces (gained 10).
No target in view!
No target in view!
No target in view!
No target in view!
No target in view!
No target in view!
No target in view!
No target in view!
No target in view!
No target in view!
No target in view!
No target in view!
e - 4 scrolls labelled FUOL FOLLESO (gained 1)
Things that are here:
a +0 club {mace}; a goblin corpse
G - a scroll labelled ZECAHE CEONIGA A worm comes into view.
A worm is nearby!
An ogre comes into view. It is wielding a +0 giant club.
The ogre shouts!
Found a stone staircase leading down.
You barely miss the worm. Your headbutt misses the worm.
You barely miss the ogre. You slash the worm!
The ogre hits you with a +0 giant club!!
The worm bites you but does no damage. 😮 HP[-23]
You take 23 damage, and now have 25/48 hp.
MASSIVE DAMAGE!! (PAUSE)
You barely miss the ogre. You barely miss the worm.
The ogre completely misses you. The worm bites you!
* * * LOW HITPOINT WARNING * * *
😨 HP[-9]
You take 9 damage, and now have 16/48 hp.
You hit the ogre. You barely miss the worm.
The ogre hits you with a +0 giant club!!
You die...

Skill      XL: |  1  2  3  4 |
---------------+-------------+-----
Fighting       | 4 5 |  5.5
Axes           | 3 4 |  4.9
Armour         | 4 |  4.7
Shields        | |  3.6

Action                   |  1- 3 |  4- 6 || total
-------------------------+-------+-------++-------
Melee: War axe           |    53 |    88 ||   141
       Headbutt          |    14 |    10 ||    24
Armor: Scale mail        |    31 |    39 ||    70
Dodge: Dodged            |    31 |    38 ||    69
Block: Buckler           |    23 |    13 ||    36

Levels and vault maps discovered:
D:1:      grunt_arrival_lava_bath, layout_loops_ring, serial_bayou,
          serial_bayou_shore_b, serial_bayou_shore_b, serial_bayou_pond_a,
          serial_bayou_pond_e, serial_shops, shop, minmay_cupped
D:2:      layout_basic, small_statue_intersection, glass_columns_a,
          minmay_domino_2, uniq_robin, uniq_natasha
D:3:      minmay_skewed_foursquare, layout_rooms,
          nicolae_overflow_hidden_temple, serial_shops, shop
D:4:      layout_rooms, minmay_crystal_water

Notes
Turn   | Place    | Note
-------+----------+-------------------------------------------
     0 | D:1      | Sanktem7 the Minotaur Fighter began the quest for the Orb.
     0 | D:1      | Reached XP level 1. HP: 19/19 MP: 0/0
     0 | D:1      | magus.rc [v1.9.6]
    97 | D:1      | Reached XP level 2. HP: 26/27 MP: 1/1
   144 | D:1      | Found Malecko's Assorted Antiques.
   149 | D:1      | Reached skill level 4 in Fighting
   208 | D:1      | Reached skill level 3 in Axes
   883 | D:2      | Noticed Robin
   883 | D:2      | Noticed Natasha
   886 | D:2      | Reached skill level 4 in Armour
   887 | D:2      | Reached XP level 3. HP: 20/33 MP: 2/2
  1035 | D:2      | Killed Robin
  1044 | D:2      | Killed Natasha
  1045 | D:2      | Reached skill level 4 in Axes
  1045 | D:2      | Reached XP level 4. HP: 25/41 MP: 3/3
  1504 | D:2      | You pick up a book of Party Tricks and begin reading...
  1504 | D:2      | You add the spells Apportation and Alistair's Intoxication
                  | to your library.
  1519 | D:2      | Reached skill level 5 in Fighting
  1697 | D:2      | Noticed Natasha
  1705 | D:2      | Killed Natasha
  1706 | D:2      | Reached XP level 5. HP: 27/48 MP: 4/4
  1933 | D:3      | Found an opulent altar of Gozag.
  1933 | D:3      | Found a hide-covered altar of Uskayaw.
  2033 | D:3      | You pick up a book of Changes and begin reading...
  2033 | D:3      | You add the spells Beastly Appendage, Wereblood and Spider
                  | Form to your library.
  2374 | D:3      | Found a shimmering blue altar of Sif Muna.
  2493 | D:3      | Found Hijeazol's General Store.
  2852 | D:4      | Noticed an ogre
  2858 | D:4      | Slain by an ogre

Vanquished Creatures
  A hound (D:4)
  Natasha (twice) (D:2)
  Robin (D:2)
  4 adders
  2 worms
  2 dart slugs
  2 orcs (D:3)
  3 bats
  8 endoplasms
  2 giant cockroaches
  12 goblins
  9 hobgoblins (D:2)
  3 jackals (D:1)
  5 quokkas
  6 ball pythons
  3 frilled lizards
  5 kobolds
  9 rats
79 creatures vanquished.

Table legend:
 A = Non-vault XP
 B = Vault XP
 C = Vault XP percentage of total XP
 D = Non-vault monster count
 E = Vault monster count
 F = Vault count percentage of total count
                 A         B        C        D         E       F
            +---------+---------+-------+---------+---------+-------
      Total |     204 |     109 |  34.8 |      52 |      27 |  34.2
            +---------+---------+-------+---------+---------+-------
        D:1 |      44 |       8 |  15.4 |      19 |       5 |  20.8
        D:2 |      86 |      76 |  46.9 |      17 |      15 |  46.9
        D:3 |      20 |      25 |  55.6 |       8 |       7 |  46.7
        D:4 |      54 |       0 |   0.0 |       8 |       0 |   0.0
            +---------+---------+-------+---------+---------+-------

Illustrated notes

Table legend:
 A = Kills in this place as a percentage of kills in entire the game.
 B = Kills by you in this place as a percentage of kills by you in the entire game.
 C = Kills by friends in this place as a percentage of kills by friends in the entire game.
 D = Other kills in this place as a percentage of other kills in the entire game.
 E = Experience gained in this place as a percentage of experience gained in the entire game.
 F = Experience gained in this place divided by the number of levels of this place that you have seen.
                   A       B       C       D       E      F
               +-------+-------+-------+-------+-------+----------------------
         Total | 100.0 | 100.0 |   N/A |   N/A | 100.0 |  78.2
       Dungeon | 100.0 | 100.0 |   N/A |   N/A | 100.0 |  78.2
               +-------+-------+-------+-------+-------+----------------------

Table legend: (Time is in decaauts)
 A = Elapsed time spent in this place.
 B = Non-inter-level travel time spent in this place.
 C = Inter-level travel time spent in this place.
 D = Time resting spent in this place.
 E = Time spent auto-exploring this place.
 F = Levels seen in this place.
 G = Mean time per level.
                   A        B        C        D        E       F      G
               +--------+--------+--------+--------+--------+-----+--------+
         Total |   2938 |   2729 |    209 |    134 |   2183 |   4 |  734.5 |
       Dungeon |   2938 |   2729 |    209 |    134 |   2183 |   4 |  734.5 |
               +--------+--------+--------+--------+--------+-----+--------+

Top non-repeatable levels by time:
     D:1: 1055 daAuts
     D:2: 941 daAuts
     D:3: 678 daAuts
     D:4: 263 daAuts
